Map: Orbital Shipyard

Players

Hanuman

  • Race: Zerg Zerg

Blackbird - Winner!

  • Race: Protoss Protoss
  • League: Gold

VOD

Have the link to the VOD?

Description

Time

  • Played on: Feb. 4, 2016, 2:33 p.m.
  • Length: 13:58
Show
View Real Time Build Order
Export as new Build Order

Hanuman Zerg 

Build Orders: 3 Hatch before Pool 

Get SALT Encoding   

  12  0:01  Drone  
  13  0:08  Drone  
  14  0:17  Overlord  
  14  0:35  Drone x3  
  17  0:55  Hatchery  
  16  0:58  Drone  
  16  1:02  Drone  
  18  1:26  Hatchery  
  17  1:37  Spawning Pool  
  16  1:51  Drone x3  
  19  2:13  Drone x2  
  21  2:17  Drone  
  22  2:33  Zergling x6  
  22  2:34  Queen  
  27  2:38  Extractor  
  27  2:40  Drone x3  
  27  2:41  Extractor  
  28  2:57  Zergling x4  
  28  2:58  Zergling x4  
  32  3:06  Drone x2  
  32  3:07  Roach Warren  
  33  3:18  Overlord x2  
  33  3:30  Drone  
  34  3:35  Queen, Roach Warren  
  34  3:38  Drone  
  34  3:39  Drone x5  
  42  3:47  Queen  
  44  3:52  Roach  
  44  3:53  Roach x2  
  50  4:05  Overlord x2  
  50  4:23  Roach  
  56  4:24  Roach x2  
  56  4:32  Drone  
  56  4:33  Drone x5  
  61  4:50  Roach  
  61  4:51  Zergling x2, Roach  
  61  4:52  Overlord x4  
  63  5:22  Roach  
  63  5:23  Roach x5  
  63  5:24  Zergling x2  
  63  5:25  Zergling x10  
  81  5:48  Extractor  
  80  5:51  Extractor  
  80  5:55  Zergling x4  
  80  5:56  Zergling x10  
  86  6:07  Lair  
  86  6:15  Drone  
  86  6:16  Drone x9  
  96  6:21  Overlord  
  96  6:38  Spore Crawler  
  95  6:40  Spore Crawler  
  95  6:42  Spore Crawler  
  93  6:52  Ravager  
  93  6:53  Ravager  
  95  6:54  Ravager  
  95  6:55  Ravager  
  95  6:57  Roach x3  
  95  6:58  Roach  
  95  6:59  Zergling x2  
  95  7:00  Overlord x2  
  95  7:01  Overlord x3  
  106  7:21  Hydralisk Den  
  105  7:34  Drone  
  105  7:35  Drone x7  
  105  7:36  Drone x2  
  115  7:37  Roach  
  115  7:38  Roach x6  
  129  7:45  Drone x2, Roach Warren  
  129  7:46  Drone  
  129  7:48  Roach Warren  
  130  7:54  Extractor  
  130  7:58  Extractor  
  128  7:59  Overlord  
  128  8:00  Hydralisk x3  
  128  8:03  Hydralisk  
  136  8:07  Overlord x2  
  136  8:18  Overseer  
  136  8:27  Hydralisk x2  
  140  8:40  Drone  
  140  8:41  Drone x15, Evolution Chamber  
  156  8:44  Evolution Chamber  
  154  8:51  Hydralisk x4  
  162  9:07  Zerg Missile Weapons Level 1  
  162  9:16  Zerg Ground Armor Level 1  
  162  9:44  Hatchery  
  161  9:48  Roach  
  161  9:49  Roach x3  
  161  9:50  Overlord x5  
  169  10:21  Hydralisk x2  
  169  10:22  Hydralisk x4, Roach x3  
  169  10:23  Hydralisk x2, Roach x4  
  199  10:47  Infestation Pit  
  198  10:58  Drone x2  
  198  10:59  Overlord  
  178  11:14  Roach  
  178  11:15  Roach x18  
  178  11:16  Roach  
  138  11:28  Ravager  
  106  11:40  Hydralisk x2  
  106  11:41  Roach x4  
  118  11:49  Zergling x12  
  124  11:56  Queen  
  126  12:11  Zergling x2  
  126  12:12  Zergling x14  
  127  12:32  Zergling x2  
  127  12:33  Zergling x28  
  133  12:44  Zergling x2  
  133  12:45  Zergling x2  
  118  13:17  Hydralisk x4, Roach  
  118  13:18  Hydralisk x3, Roach x5  
  118  13:19  Roach x3  
  144  13:37  Roach x2  
  144  13:38  Roach x3  
Show
View Real Time Build Order
Export as new Build Order

Blackbird Protoss - Winner!

Build Orders: 1 Gate Expand, Oracle Opening 

Get SALT Encoding   

  12  0:01  Probe (Chrono Boost)  
  13  0:12  Probe (Chrono Boost)  
  14  0:22  Pylon, Probe (Chrono Boost)  
  15  0:40  Probe (Chrono Boost)  
  15  0:42  Gateway  
  16  0:48  Assimilator  
  16  0:51  Probe (Chrono Boost)  
  17  1:01  Probe (Chrono Boost)  
  18  1:24  Nexus  
  18  1:42  Cybernetics Core  
  18  1:44  Probe (Chrono Boost)  
  19  1:54  Probe (Chrono Boost)  
  19  1:55  Assimilator  
  20  2:05  Probe (Chrono Boost)  
  21  2:14  Pylon  
  22  2:15  Probe (Chrono Boost)  
  22  2:27  Warp Gate  
  22  2:33  Mothership Core (Chrono Boost), Adept (Chrono Boost)  
  22  2:36  Probe (Chrono Boost)  
  27  2:46  Probe  
  28  2:53  Probe  
  28  2:57  Stargate, Probe  
  30  3:02  Adept (Chrono Boost)  
  30  3:05  Probe  
  33  3:07  Probe  
  34  3:17  Probe  
  34  3:18  Probe  
  36  3:24  Assimilator  
  36  3:28  Probe  
  36  3:29  Probe  
  36  3:31  Forge  
  36  3:33  Sentry (Chrono Boost)  
  40  3:42  Probe  
  40  3:43  Probe  
  42  3:52  Probe  
  42  3:54  Oracle (Chrono Boost)  
  42  3:55  Pylon  
  46  4:09  Protoss Ground Weapons Level 1  
  46  4:11  Probe  
  46  4:13  Probe  
  48  4:19  Pylon  
  48  4:21  Pylon  
  48  4:22  Probe  
  49  4:25  Probe  
  50  4:32  Probe  
  50  4:37  Probe  
  52  4:43  Probe  
  49  4:49  Probe  
  50  4:54  Probe  
  51  5:00  Gateway  
  51  5:01  Gateway  
  51  5:02  Gateway  
  51  5:07  Gateway x2  
  51  5:14  Robotics Facility  
  51  5:18  Probe  
  51  5:19  Probe  
  53  5:22  Sentry  
  55  5:32  Twilight Council  
  55  5:43  Probe  
  55  5:44  Probe  
  57  5:56  Probe  
  58  6:01  Nexus  
  58  6:03  Pylon, Zealot  
  58  6:04  Zealot x3  
  64  6:05  Pylon  
  64  6:07  Pylon  
  64  6:09  Protoss Ground Weapons Level 2 (Chrono Boost)  
  64  6:11  Assimilator  
  66  6:12  Observer  
  66  6:16  Assimilator  
  67  6:19  Charge  
  67  6:21  Probe  
  67  6:23  Probe  
  67  6:24  Assimilator  
  69  6:27  Zealot x3  
  69  6:28  Zealot x2  
  69  6:32  Probe  
  79  6:33  Warp Prism  
  79  6:35  Probe  
  83  6:43  Probe  
  84  6:51  Zealot x3  
  84  6:52  Zealot x2  
  94  7:02  Pylon  
  94  7:03  Pylon  
  94  7:10  Pylon  
  94  7:11  Probe  
  94  7:13  Probe  
  96  7:22  Probe  
  96  7:25  Probe  
  98  7:32  Probe  
  98  7:33  Templar Archives  
  98  7:36  Gateway x2  
  99  7:37  Probe  
  99  7:38  Gateway  
  99  7:40  Gateway  
  99  7:41  Probe  
  99  7:43  Probe  
  101  7:49  Probe  
  103  7:51  Probe  
  103  7:53  Probe  
  105  8:01  Probe  
  106  8:11  High Templar x4  
  106  8:12  High Templar  
  116  8:16  Immortal  
  120  8:28  Zealot  
  122  8:35  Protoss Ground Weapons Level 3 (Chrono Boost)  
  122  8:50  Zealot x4  
  122  8:51  Zealot  
  122  8:55  Nexus  
  132  8:58  Assimilator  
  132  8:59  Assimilator, Pylon  
  132  9:01  Pylon  
  132  9:04  Pylon  
  132  9:06  Pylon  
  132  9:07  Photon Cannon  
  132  9:09  Pylon  
  132  9:12  Photon Cannon  
  132  9:13  Pylon  
  132  9:15  Photon Cannon  
  132  9:26  Photon Cannon x2  
  132  9:29  Photon Cannon  
  132  9:41  High Templar  
  132  9:42  High Templar x5  
  144  9:46  Immortal  
  144  9:48  Archon x2  
  144  9:49  Archon  
  148  9:55  Psionic Storm  
  148  10:02  Zealot x2  
  148  10:03  Zealot x2  
  156  10:18  Zealot x4  
  156  10:19  Zealot x2  
  168  10:25  Probe x2  
  168  10:26  Probe  
  168  10:27  Probe  
  172  10:37  Zealot x4  
  180  10:52  High Templar x4  
  180  10:55  Zealot x2  
  192  10:58  Archon x2  
  118  11:27  Zealot x4  
  118  11:28  Zealot x6  
  118  11:54  Gateway  
  118  11:55  High Templar x2, Gateway  
  118  11:56  High Templar x6  
  118  11:57  Gateway  
  118  11:59  Archon  
  118  12:00  Archon x2, Gateway  
  118  12:01  Archon  
  134  12:02  Gateway  
  134  12:04  Gateway  
  134  12:09  Gateway  
  134  12:11  Gateway  
  134  12:16  Sentry x2  
  138  12:23  Nexus  
  138  12:25  Assimilator  
  132  12:31  Assimilator  
  132  12:33  Pylon  
  132  12:35  Pylon  
  130  12:37  Zealot x3  
  130  12:38  Pylon, Zealot x5  
  130  12:42  Pylon  
  146  12:47  Zealot x2  
  150  12:59  Zealot  
  150  13:00  Zealot x6  
  150  13:01  Zealot x3  
  150  13:02  Zealot x2  
  162  13:24  High Templar x6  
  162  13:25  High Templar x5  
  178  13:28  Archon x3  
  178  13:29  Archon x2  
  178  13:33  Zealot x2  
  178  13:34  Zealot x3  
Tags
 
Add a new tag
Caveats
  • Supply blocks, unpowered buildings, or Contaminate may cause inaccurate times.
  • Supply counts are checked every 10 seconds.